 Dungeon Crawl Stone Soup version 0.23.2 (webtiles) character file.

Game seed: 14754586817433540074

226 Marnok the Twirler (level 5, 0/39 HPs)
             Began as a Demonspawn Gladiator on Apr 8, 2019.
             Killed by divine providence
             ... invoked by an orc priest
              (10 damage)
             ... on level 4 of the Dungeon.
             The game lasted 00:07:08 (3451 turns).

Marnok the Twirler (Demonspawn Gladiator)           Turns: 3451, Time: 00:07:09

Health: 0/39       AC:  4    Str: 15    XL:     5   Next: 69%
Magic:  5/5        EV: 15    Int: 10    God:
Gold:   30         SH:  9    Dex: 14    Spells: 4/4 levels left

rFire    + . .     SeeInvis .   m - +1 flail
rCold    . . .     Gourm    .   l - +2 shield
rNeg     . . .     Faith    .   b - +0 leather armour
rPois    .         Spirit   .   c - +0 helmet
rElec    .         Reflect  .   (no cloak)
rCorr    .         Harm     .   (no gloves)
MR       .....                  (no boots)
Stlth    +.........             (no amulet)
HPRegen  0.13/turn              g - +5 ring of evasion
MPRegen  0.09/turn              (no ring)

@: flying
A: claws 2, fire resistance 1, flame cloud immunity
a: no special abilities


You were on level 4 of the Dungeon.
You were not hungry.

You visited 1 branch of the dungeon, and saw 4 of its levels.

You collected 230 gold pieces.
You spent 200 gold pieces at shops.

Inventory:

Hand Weapons
 a - a +0 quarterstaff
 m - a +1 flail (weapon)
Missiles
 d - 3 throwing nets (quivered)
 k - 3 tomahawks of returning
Armour
 b - a +0 leather armour (worn)
 c - a +0 helmet (worn)
 l - a +2 shield (worn)
Jewellery
 g - a +5 ring of evasion (left claw)
Wands
 r - a wand of random effects (14)
 v - a wand of digging (6)
Scrolls
 n - a scroll of amnesia {unknown}
 p - a scroll of identify
 t - a scroll of blinking {unknown}
 u - a scroll of fear {unknown}
Potions
 i - 5 potions of curing
 j - a potion of degeneration
 s - a potion of agility {unknown}
Comestibles
 f - 6 rations
 o - a chunk of flesh


   Skills:
 + Level 2.4 Fighting
 + Level 0.6(2.8) Maces & Flails
 + Level 4.4(4.5) Staves
 + Level 2.0 Throwing
 + Level 1.5 Armour
 + Level 3.6 Dodging
 + Level 0.2 Stealth


You had 4 spell levels left.
You didn't know any spells.
Your spell library was empty.

Dungeon Overview and Level Annotations

Branches:
Dungeon (4/15)
 Temple: D:4-7

Altars:
Ashenzari
Kikubaaqudgha
Sif Muna

Shops:
D:4 }(


Innate Abilities, Weirdness & Mutations

You have very sharp fingernails.
Your flesh is heat resistant. (rF+)
You are immune to clouds of flame.


Message History

You block the orc wizard's attack.
The orc priest invokes the aid of Beogh against you.
Beogh smites you!
The orc wizard gestures wildly while chanting.
The orc wizard blinks!
It was a potion of flight.
You feel very buoyant.
You fly up into the air.
An orc comes into view. It is wielding a +0 mace.
You feel better.
The orc priest invokes the aid of Beogh against you.
Beogh smites you!
* * * LOW HITPOINT WARNING * * *
The orc completely misses you.
As you read the scroll labeled ONOCAS YCLOERA, it crumbles to dust.
It is a scroll of enchant weapon.
Your +0 flail glows red for a moment.
The orc priest mumbles some strange prayers to Beogh against you.
Beogh smites you!
You die...

#....#.....# ##
#....#...###. #.#
#..o........ #.#
##..........
#.###
##......####
#..###..o.....#
#....ooo######
#...###o# #..##
#@# ########.##
#.# #........#
#.# ########.#
..# #.## ..#
####### #..###...
...... ##.#...##
....# ###.....##
##..# ...#
###.........##∩.#
#...##


You could see an orc priest, an orc wizard and 3 orcs.

Vanquished Creatures
  A centaur (D:2)
  3 gnolls (D:2)
  5 adders
  An ooze (D:1)
  3 orcs (D:3)
  7 bats
  2 giant cockroaches
  7 goblins
  7 hobgoblins
  10 jackals
  2 quokkas
  A ball python (D:1)
  3 frilled lizards (D:1)
  A jackal skeleton (D:4)
  3 kobolds
  4 rats
60 creatures vanquished.

Notes
Turn   | Place    | Note
-------+----------+-------------------------------------------
     0 | D:1      | Marnok the Demonspawn Gladiator began the quest for the
                  | Orb.
     0 | D:1      | Reached XP level 1. HP: 16/16 MP: 1/1
   155 | D:1      | Gained mutation: You have sharp fingernails. [demonic
                  | ancestry]
   155 | D:1      | Reached XP level 2. HP: 16/22 MP: 2/2
   987 | D:2      | Gained mutation: Your flesh is heat resistant. (rF+)
                  | [demonic ancestry]
   987 | D:2      | Reached XP level 3. HP: 27/27 MP: 3/3
  1008 | D:2      | Reached skill level 3 in Staves
  1230 | D:2      | Noticed a centaur
  1240 | D:2      | Killed a centaur
  1240 | D:2      | Reached skill level 1 in Armour
  1240 | D:2      | Gained mutation: You are immune to clouds of flame.
                  | [demonic ancestry]
  1240 | D:2      | Reached XP level 4. HP: 12/34 MP: 4/4
  1240 | D:2      | Gained mutation: You have very sharp fingernails. [demonic
                  | ancestry]
  1240 | D:2      | Reached XP level 5. HP: 14/39 MP: 5/5
  1478 | D:2      | Reached skill level 4 in Staves
  1569 | D:2      | Found a shattered altar of Ashenzari.
  2469 | D:3      | Found a deep blue altar of Sif Muna.
  2742 | D:3      | Found an ancient bone altar of Kikubaaqudgha.
  3222 | D:4      | Found Jaogunolel's Weapon Shop.
  3372 | D:4      | Found Degougud's Gadget Shoppe.
  3375 | D:4      | Bought a wand of digging (6) for 200 gold pieces
  3451 | D:4      | Killed from afar by an orc priest

Skill      XL: |  1  2  3  4  5 |
---------------+----------------+-----
Throwing       | 2 |  2.0
Dodging        | 3 |  3.6
Staves         | 3 4 |  4.4
Armour         | 1 |  1.5
Fighting       | |  2.4
Maces & Flails | |  0.6
Stealth        | |  0.2

Action                   |  1- 3 |  4- 6 || total
-------------------------+-------+-------++-------
Melee: Quarterstaff      |    79 |    21 ||   100
       Flail             |       |    88 ||    88
  Use: Scroll            |       |     5 ||     5
       Potion            |       |     3 ||     3
 Stab: Sleeping          |       |     1 ||     1
  Eat: Chunk             |     1 |     4 ||     5
       Ration            |       |     1 ||     1
Armor: Leather armour    |    25 |    19 ||    44
Dodge: Dodged            |    90 |    80 ||   170
Block: Shield            |       |    56 ||    56
